 Dungeon Crawl Stone Soup version 0.26-a0-660-gc07710193c (webtiles) character file.

Game seed: 11908504472186750384

1149 marklar909 the Covert (level 8, -5/48 HPs)
             Began as a Kobold Brigand on Oct 5, 2020.
             Was a Follower of Nemelex Xobeh.
             Slain by a wight
             ... wielding a cursed +7 hand axe
              (13 damage)
             ... on level 5 of the Dungeon.
             The game lasted 00:11:06 (6121 turns).

marklar909 the Covert (Kobold Brigand)              Turns: 6121, Time: 00:11:07

Health: -5/48      AC: 12    Str: 10    XL:     8   Next: 65%
Magic:  9/9        EV: 11    Int: 12    God:    Nemelex Xobeh [*.....]
Gold:   328        SH:  5    Dex: 17    Spells: 7/7 levels left

rFire    . . .     SeeInvis .   o - +2 dagger (speed)
rCold    . . .     Faith    .   n - +1 buckler
rNeg     . . .     Spirit   .   y - +3 ring mail {rPois}
rPois    +         Reflect  .   v - +1 helmet
rElec    .         Harm     .   c - +1 cloak
rCorr    .         Rampage  .   (no gloves)
MR       .....                  (no boots)
Stlth    ++........             (no amulet)
HPRegen  0.16/turn              (no ring)
MPRegen  0.11/turn              (no ring)

@: extremely drained
A: small, nightstalker 3
a: Draw Escape, Draw Destruction, Draw Summoning, Renounce Religion


You were on level 5 of the Dungeon.
You worshipped Nemelex Xobeh.
Nemelex Xobeh was aware of your devotion.
You visited 1 branch of the dungeon, and saw 5 of its levels.

You collected 328 gold pieces.

Inventory:

Hand Weapons
 o - a +2 dagger of speed (weapon)
Missiles
 d - a boomerang of dispersal
 e - 2 curare-tipped darts
 m - 23 poisoned darts (quivered)
Armour
 c - a +1 cloak (worn)
 n - a +1 buckler (worn)
 v - a +1 helmet (worn)
 y - a +3 ring mail of poison resistance (worn)
Wands
 l - a wand of iceblast (2)
 x - a wand of acid (11)
 A - a wand of digging (9)
Scrolls
 i - a scroll of identify
 j - 2 scrolls of remove curse
 q - a scroll of teleportation
 r - a scroll of immolation
 s - a scroll of fog {unknown}
 u - a scroll of fear
Potions
 a - a potion of invisibility
 b - a potion of lignification {unknown}
 f - 2 potions of flight
 g - a potion of curing {unknown}
 h - a potion of heal wounds
 k - a potion of mutation {unknown}
 p - 3 potions of brilliance {unknown}
 t - a potion of haste {unknown}
 z - 2 potions of resistance {unknown}


   Skills:
 * Level 4.4(0.0) Fighting
 + Level 5.3(0.0) Short Blades
 + Level 3.1(0.0) Throwing
 * Level 2.2(0.0) Armour
 * Level 4.4(0.0) Dodging
 + Level 8.7(1.7) Stealth
 * Level 2.1(0.0) Shields
 * Level 2.3(0.0) Invocations
 + Level 1.7(0.0) Evocations


You had 7 spell levels left.
You didn't know any spells.
Your spell library was empty.

Dungeon Overview and Level Annotations

Branches:
Dungeon (5/15)
 Temple: D:4-7

Altars:
Ashenzari
Dithmenos
Fedhas
Nemelex Xobeh
Ru
Trog

Annotations:
D:4 1 transporter, HilariousDeathArtist's ghost, amateur KoMo
D:5 Edmund


Innate Abilities, Weirdness & Mutations

You are small and have problems with some larger weapons.
You are completely attuned to the shadows.


Message History

You are too injured to fight recklessly!
You hit the wight but do no damage.
The wight is severely damaged.
You are too injured to fight recklessly!
You barely miss the wight.
The wight is severely damaged.
You block the wight's attack.
You are too injured to fight recklessly!
You hit the wight but do no damage.
The wight is severely damaged.
You are too injured to fight recklessly!
You hit the wight but do no damage.
The wight is severely damaged.
The wight hits you but does no damage.
You are too injured to fight recklessly!
You hit the wight but do no damage.
The wight is severely damaged.
The wight hits you with a cursed +7 hand axe!
You die...
Your body glows slightly and disappears.

#.<...# .. #.......#..##..#.....
#.....# . +..##..######..#....#
#.....# #..######......#....#
#.....# #..............'....+
#.....# #..##..##..##..#....#
#.....# #..##..##..##..#....#
#.....#### #..............'....#
#......... #..######).....#....#
#......... .##'#@z..##'#####....#
#..............###...).......#'##
#............................#...
.....#######.................+...
.....#.....#...).............###.
.....+.....#...(########.......##
.....#..>..+....# #.......#.
.....#.....#..).# #.......#.
.....#.....#....# #.......##


You could see a wight.

Vanquished Creatures
  Sigmund (D:4)
  2 centaurs (D:5)
  2 ogres (D:4)
  3 wights
  An orc wizard (D:4)
  2 bullfrog skeletons
  2 orc priests (D:4)
  Ijyb (D:3)
  3 iguanas
  A worker ant (D:5)
  2 hound zombies (D:3)
  2 hound skeletons (D:3)
  7 adders
  4 gnolls
  A shadow imp (D:5)
  An ufetubus (D:3)
  An ooze (D:3)
  2 adder zombies (D:3)
  An adder skeleton (D:3)
  2 worms (D:2)
  A dart slug (D:2)
  7 leopard geckos
  16 orcs
  4 giant cockroaches
  4 goblins
  4 hobgoblins
  6 kobolds
  3 quokkas
  2 ball pythons
  9 bats
  3 frilled lizards
  A jackal skeleton (D:4)
  A jackal zombie (D:3)
  2 leopard gecko zombies
  A quokka zombie (D:3)
  6 rats
111 creatures vanquished.

Vanquished Creatures (others)
  9 withered plants (D:3)
9 creatures vanquished.

Grand Total: 120 creatures vanquished

Notes
Turn   | Place    | Note
-------+----------+-------------------------------------------
     0 | D:1      | marklar909 the Kobold Brigand began the quest for the Orb.
     0 | D:1      | Reached XP level 1. HP: 12/12 MP: 1/1
   110 | D:1      | Reached XP level 2. HP: 4/17 MP: 2/2
   544 | D:1      | Reached skill level 6 in Stealth
  1095 | D:2      | Reached XP level 3. HP: 21/21 MP: 3/3
  1495 | D:2      | Reached skill level 7 in Stealth
  1557 | D:2      | Reached XP level 4. HP: 27/27 MP: 4/4
  2288 | D:3      | Reached XP level 5. HP: 23/31 MP: 5/5
  2900 | D:3      | Found a blossoming altar of Fedhas.
  2980 | D:3      | Noticed Ijyb
  2984 | D:3      | Killed Ijyb
  3028 | D:3      | Reached skill level 1 in Shields
  3028 | D:3      | Reached XP level 6. HP: 37/37 MP: 6/6
  3669 | D:4      | Found a sparkling altar of Nemelex Xobeh.
  3690 | D:4      | Noticed an ogre
  3693 | D:4      | Killed an ogre
  3693 | D:4      | Reached skill level 8 in Stealth
  3699 | D:4      | Became a worshipper of Nemelex Xobeh the Trickster
  3869 | D:3      | Reached XP level 7. HP: 26/41 MP: 7/7
  4152 | D:4      | Reached skill level 1 in Invocations
  4521 | D:4      | Found a transporter.
  4524 | D:4      | Noticed HilariousDeathArtist's ghost (amateur KoMo)
  4525 | D:4      | Identified the +3 great mace "Rorehov" {spect, *Rage Int+6
                  | Dex+5}
  4527 | D:4      | Identified the +3 great mace "Rorehov" {spect, *Rage Int+6
                  | Dex+5}
  4557 | D:4      | Found a broken altar of Ashenzari.
  4558 | D:4      | Found a sacrificial altar of Ru.
  4568 | D:4      | Noticed Sigmund
  4572 | D:4      | Killed Sigmund
  4572 | D:4      | Reached skill level 1 in Armour
  4650 | D:4      | Reached XP level 8. HP: 46/48 MP: 9/9
  4712 | D:4      | Reached skill level 5 in Short Blades
  4850 | D:4      | Reached * piety under Nemelex Xobeh
  4916 | D:4      | Found a bloodstained altar of Trog.
  5084 | D:5      | Entered Level 5 of the Dungeon
  5197 | D:5      | Reached skill level 1 in Evocations
  5280 | D:5      | Received a gift from Nemelex Xobeh
  5453 | D:5      | Found a shadowy altar of Dithmenos.
  5550 | D:5      | Noticed Edmund
  6121 | D:5      | Slain by a wight

Illustrated notes

Levels and vault maps discovered:
D:1:      enne_arrival_octagon_isle, layout_basic
D:2:      minmay_general_purpose_star, layout_basic
D:3:      layout_loops_corners, lemuel_coloured_pillars_altar, serial_undead,
          serial_undead_e, serial_undead_b, serial_undead_e, serial_undead_c,
          serial_undead_e, serial_undead_c, uniq_ijyb
D:4:      layout_cave_pools, nemelex_xobeh_ov_fountains_minmay,
          gammafunk_temple_overflow_statue, gammafunk_ghost_smash, bloody_trog,
          uniq_sigmund
D:5:      layout_gridville, nicolae_dithmenos_shadow_blocks, uniq_edmund

Skill      XL: |  1  2  3  4  5  6  7  8 |
---------------+-------------------------+-----
Stealth        | 6 7 8 |  8.7
Short Blades   | 3 4 5 |  5.3
Dodging        | 2 3 4 |  4.4
Fighting       | 3 4 |  4.4
Shields        | 1 2 |  2.1
Invocations    | 1 2 |  2.3
Armour         | 1 2 |  2.2
Throwing       | 3 |  3.1
Evocations     | 1 |  1.7

Action                   |  1- 3 |  4- 6 |  7- 9 || total
-------------------------+-------+-------+-------++-------
Melee: Dagger            |    71 |   191 |   303 ||   565
Throw: Dart              |       |     9 |    20 ||    29
Invok: Draw Escape       |       |       |     2 ||     2
       Draw Destruction  |       |       |     2 ||     2
Evoke: Wand              |       |       |     3 ||     3
  Use: Scroll            |       |    11 |     5 ||    16
       Potion            |       |       |     2 ||     2
 Stab: Sleeping          |    15 |    18 |     4 ||    37
       Distracted        |       |     2 |       ||     2
Armor: Robe              |     7 |    13 |       ||    20
       Ring mail         |       |    21 |    62 ||    83
Dodge: Dodged            |    34 |   109 |    92 ||   235
Block: Buckler           |     9 |    47 |    46 ||   102

Table legend: (Time is in decaauts)
 A = Elapsed time spent in this place.
 B = Non-inter-level travel time spent in this place.
 C = Inter-level travel time spent in this place.
 D = Time resting spent in this place.
 E = Time spent auto-exploring this place.
 F = Levels seen in this place.
 G = Mean time per level.
                   A        B        C        D        E       F      G
               +--------+--------+--------+--------+--------+-----+--------+
         Total |   5937 |   5576 |    361 |    798 |   3680 |   5 | 1187.4 |
       Dungeon |   5937 |   5576 |    361 |    798 |   3680 |   5 | 1187.4 |
               +--------+--------+--------+--------+--------+-----+--------+

Top non-repeatable levels by time:
     D:3: 1794 daAuts
     D:4: 1229 daAuts
     D:2: 1185 daAuts
     D:1: 986 daAuts
     D:5: 741 daAuts
